Atomiques vs Carnivores
Created - 1 mars 2017 at 19:34
Goals
|
| Atomiques |
3 |
1 |
1 |
5 |
| Carnivores |
0 |
1 |
1 |
2 |
|
Shots
|
| Atomiques |
8 |
8 |
18 |
34 |
| Carnivores |
15 |
9 |
13 |
37 |
|
1st period
1. Atomiques , John McCarthy 11 (Shawn Belle, Davis Drewiske) at 1:30
2. Atomiques , Andrew Kozek 12 (Marc-André Cliche) at 13:34
3. Atomiques , Brett Sutter 11 (John McCarthy, Dmitri Orlov) at 17:37
Penalties :
No Penalty
2nd period
4. Carnivores , Blake Geoffrion 36 (Bobby Sanguinetti, Brendan Gallagher) at 1:51
5. Atomiques , Mikael Backlund 30 (Dwight King, Branko Radivojevic) at 2:01
Penalties :
Branko Radivojevic (STB) for Interference (Minor) at 6:18, Mark McNeill (Bre) for Charging (Minor) at 9:07, Mat Clark (Bre) for Holding (Minor) at 16:24
3rd period
6. Atomiques , Mikael Backlund 31 (Dwight King) at 10:53
7. Carnivores , Markus Granlund 7 (Nate Schmidt, Bobby Sanguinetti) at 13:22
Penalties :
Mikael Granlund (Bre) for Holding (Minor) at 0:40, Dwight King (STB) for Hooking (Minor) at 13:33, Dwight King (STB) for Diving (Minor) at 18:09
Goalie Stats
Sergei Bobrovsky (STB), 35 saves from 37 shots - (0,946), W, 24-20-4, 60:00 minutes
Antti Raanta (Bre), 5 saves from 9 shots - (0,556), L, 7-6-2, 22:01 minutes
Chad Johnson (Bre), 24 saves from 25 shots - (0,960), 37:59 minutes
Players Stats for Atomiques
Player Name G A P +/- PIM S H SB GA TA FO MP PP MP PK MP
------------------------------------------------------------------------------------
Alex Berry 0 0 0 1 0 2 1 0 0 0 1/1 10:28 0:01 0:00
Andrew Kozek 1 0 1 1 0 1 2 0 0 0 0/0 11:46 0:01 1:18
Bobby Farnham 0 0 0 2 0 0 0 0 0 0 1/1 10:42 0:00 0:00
Branko Radivojevic 0 1 1 0 2 8 0 0 0 0 2/3 19:52 3:07 2:09
Brett Sutter 1 0 1 2 0 5 3 0 0 0 5/7 14:11 0:00 2:42
Colby Cohen 0 0 0 1 0 0 1 0 0 0 0/0 12:30 0:08 0:00
Davis Drewiske 0 1 1 2 0 2 2 3 0 0 0/0 27:05 3:23 3:51
Dmitri Orlov 0 1 1 1 0 1 1 0 0 1 0/0 12:22 0:00 0:00
Dwight King 0 2 2 0 4 2 2 1 0 0 1/2 16:55 3:07 0:00
John McCarthy 1 1 2 2 0 1 0 0 0 0 1/1 10:42 0:00 0:00
Kenndal McArdle 0 0 0 0 0 2 3 1 0 0 1/1 15:48 2:49 0:00
Kyle Wharton 0 0 0 0 0 1 1 1 0 3 0/0 19:55 2:26 1:57
Marc-André Cliche 0 1 1 1 0 0 1 0 0 0 4/9 11:21 0:33 0:44
Mikael Backlund 2 0 2 0 0 3 2 1 2 2 9/26 20:28 2:35 3:23
Roman Polak 0 0 0 0 0 0 1 2 0 0 0/0 19:55 2:26 1:57
Ryan Shannon 0 0 0 0 0 1 2 0 1 0 0/1 15:48 2:49 0:00
Shawn Belle 0 1 1 2 0 2 2 1 1 4 0/0 27:13 3:31 3:51
Tyler Brenner 0 0 0 0 0 3 0 1 0 0 2/12 17:08 2:49 1:20
Players Stats for Carnivores
Player Name G A P +/- PIM S H SB GA TA FO MP PP MP PK MP
------------------------------------------------------------------------------------
Anton Gustafsson 0 0 0 -2 0 4 0 0 0 0 7/9 18:59 2:17 2:59
Blake Geoffrion 1 0 1 -1 0 7 3 1 6 0 2/3 18:12 3:31 0:00
Bobby Sanguinetti 0 2 2 -1 0 1 1 2 0 1 0/0 24:07 3:29 3:14
Brendan Gallagher 0 1 1 -1 0 2 3 2 0 1 0/3 19:27 3:17 1:31
Chris Lawrence 0 0 0 -2 0 1 2 0 0 0 1/2 15:49 2:17 0:00
Colton Orr 0 0 0 -1 0 1 1 2 1 0 0/2 11:53 0:00 1:30
Jeremy Welsh 0 0 0 -2 0 2 1 0 2 0 0/2 15:49 2:17 0:00
Lane MacDermid 0 0 0 1 0 2 2 0 0 0 0/0 12:47 0:00 2:56
Mark McNeill 0 0 0 1 2 0 0 1 0 0 0/0 10:17 0:00 0:00
Markus Granlund 1 0 1 1 0 4 0 1 0 0 5/9 10:04 0:14 0:00
Mat Clark 0 0 0 -1 2 4 3 2 0 0 0/0 16:12 2:19 0:00
Mattias Backman 0 0 0 0 0 0 1 0 0 0 0/0 11:11 0:00 0:00
Michael Schumacher 0 0 0 -1 0 0 0 0 0 0 0/1 11:28 0:00 1:17
Mikael Granlund 0 0 0 -1 2 4 0 1 0 1 21/29 18:21 3:31 0:10
Nate Schmidt 0 1 1 -2 0 1 1 2 0 1 0/0 28:32 3:29 3:14
Phil Oreskovic 0 0 0 -1 0 0 0 1 1 0 0/0 19:35 2:19 2:43
Sasha Pokulok 0 0 0 0 0 1 3 1 0 0 0/0 14:36 0:00 2:43
Zach Jones 0 0 0 -1 0 0 0 0 0 0 0/0 5:07 0:00 0:00
Zack Smith 0 0 0 -1 0 3 3 0 0 0 1/4 11:34 0:00 1:31
3 Stars
1 - Mikael Backlund (STB)
2 - John McCarthy (STB)
3 - Brett Sutter (STB)
Power Play
Atomiques - 0 on 3 Attempt(s) - 0,00%
Carnivores - 0 on 3 Attempt(s) - 0,00%
Penalty Kill
Atomiques - 3 on 3 Attempt(s) - 100,00%
- Score 0 goal in Penalty Kill
Carnivores - 3 on 3 Attempt(s) - 100,00%
- Score 0 goal in Penalty Kill
Team Stat
Atomiques - Hits : 24 - Faceoff Wins : 27 - Blocked Shots : 11 - Penalty Minutes : 6
Carnivores - Hits : 24 - Faceoff Wins : 37 - Blocked Shots : 16 - Penalty Minutes : 6
Official
Referees : L'Ecuyer Frederick and Morton Dean
Linesman : Brian Mach and Scott Cherrey
Game Notes
Chad Johnson enters game at 2:01 of 2nd period
Finance
Level 1 -- Attendance: 1623 (81,15%) -- Ticket Income 64 920 $
Level 2 -- Attendance: 756 (75,60%) -- Ticket Income 15 120 $
Total Attendance: 2379 (79,30%)
Total Ticket Income: 80 040 $
Other Income: 4 002 $
Total Income: 84 042 $
Atomiques
5 vs 5 Forward
Center Left Wing Right Wing Time % Phy DF OF
1 Mikael Backlund Dwight King Branko Radivojevic 40 1 2 2
2 Tyler Brenner Kenndal McArdle Ryan Shannon 30 1 2 2
3 Marc-André Cliche Andrew Kozek Alex Berry 20 1 2 2
4 Brett Sutter John McCarthy Bobby Farnham 10 1 2 2
5 vs 5 Defense
Defense Defense Time % Phy DF OF
1 Shawn Belle Davis Drewiske 40 1 2 2
2 Kyle Wharton Roman Polak 30 1 2 2
3 Colby Cohen Dmitri Orlov 20 1 2 2
4 Shawn Belle Davis Drewiske 10 1 2 2
PowerPlay Forward
Center Left Wing Right Wing Time % Phy DF OF
1 Mikael Backlund Dwight King Branko Radivojevic 60 1 2 2
2 Tyler Brenner Kenndal McArdle Ryan Shannon 40 1 2 2
PowerPlay Defense
Defense Defense Time % Phy DF OF
1 Shawn Belle Davis Drewiske 60 1 2 2
2 Kyle Wharton Roman Polak 40 1 2 2
Penalty Kill 4 Players Forward
Center Wing Time % Phy DF OF
1 Branko Radivojevic Mikael Backlund 60 1 2 2
2 Tyler Brenner Dwight King 40 1 2 2
Penalty Kill 4 Players Defense
Defense Defense Time % Phy DF OF
1 Shawn Belle Davis Drewiske 60 1 2 2
2 Kyle Wharton Roman Polak 40 1 2 2
Penalty Kill - 3 Players Forward
Forward Time % Phy DF OF
1 Branko Radivojevic 60 1 2 2
2 Mikael Backlund 40 1 2 2
Penalty Kill - 3 Players Defense
Defense Defense Time % Phy DF OF
1 Shawn Belle Davis Drewiske 60 1 2 2
2 Kyle Wharton Roman Polak 40 1 2 2
4 vs 4 Forward
Center Wing Time % Phy DF OF
1 Branko Radivojevic Mikael Backlund 60 1 2 2
2 Tyler Brenner Dwight King 40 1 2 2
4 vs 4 Defense
Defense Defense Time % Phy DF OF
1 Shawn Belle Davis Drewiske 60 1 2 2
2 Kyle Wharton Roman Polak 40 1 2 2
Last Minutes Offensive
Center Left Wing Right Wing Defense Defense
Mikael Backlund Dwight King Branko Radivojevic Shawn Belle Davis Drewiske
Last Minutes Defensive
Center Left Wing Right Wing Defense Defense
Mikael Backlund Dwight King Branko Radivojevic Shawn Belle Davis Drewiske
Goaltenders
Starting : Sergei Bobrovsky
Backup : Jeremy Smith
Extra Forwards
Normal : Marc-André Cliche, Andrew Kozek, Brett Sutter - PP : Marc-André Cliche, Andrew Kozek - PK : Brett Sutter
Extra Defensemen
Normal : Colby Cohen, Dmitri Orlov, Kyle Wharton - PP : Colby Cohen - PK : Dmitri Orlov, Kyle Wharton
Penalty Shots
Branko Radivojevic, Mikael Backlund, Tyler Brenner, Dwight King, Ryan Shannon
Carnivores
5 vs 5 Forward
Center Left Wing Right Wing Time % Phy DF OF
1 Mikael Granlund Blake Geoffrion Brendan Gallagher 40 1 2 2
2 Anton Gustafsson Jeremy Welsh Chris Lawrence 30 1 2 2
3 Markus Granlund Lane MacDermid Mark McNeill 20 1 2 2
4 Zack Smith Michael Schumacher Colton Orr 10 1 2 2
5 vs 5 Defense
Defense Defense Time % Phy DF OF
1 Bobby Sanguinetti Nate Schmidt 40 1 2 2
2 Mat Clark Phil Oreskovic 30 1 2 2
3 Mattias Backman Sasha Pokulok 20 1 2 2
4 Zach Jones Nate Schmidt 10 1 2 2
PowerPlay Forward
Center Left Wing Right Wing Time % Phy DF OF
1 Mikael Granlund Blake Geoffrion Brendan Gallagher 60 1 1 3
2 Anton Gustafsson Jeremy Welsh Chris Lawrence 40 1 1 3
PowerPlay Defense
Defense Defense Time % Phy DF OF
1 Bobby Sanguinetti Nate Schmidt 60 1 2 2
2 Mat Clark Phil Oreskovic 40 1 2 2
Penalty Kill 4 Players Forward
Center Wing Time % Phy DF OF
1 Anton Gustafsson Lane MacDermid 60 1 2 2
2 Zack Smith Brendan Gallagher 40 1 2 2
Penalty Kill 4 Players Defense
Defense Defense Time % Phy DF OF
1 Bobby Sanguinetti Nate Schmidt 60 1 2 2
2 Sasha Pokulok Phil Oreskovic 40 1 2 2
Penalty Kill - 3 Players Forward
Forward Time % Phy DF OF
1 Chris Lawrence 60 1 2 2
2 Zack Smith 40 1 2 2
Penalty Kill - 3 Players Defense
Defense Defense Time % Phy DF OF
1 Bobby Sanguinetti Nate Schmidt 60 1 2 2
2 Sasha Pokulok Phil Oreskovic 40 1 2 2
4 vs 4 Forward
Center Wing Time % Phy DF OF
1 Mikael Granlund Blake Geoffrion 60 1 2 2
2 Anton Gustafsson Chris Lawrence 40 1 2 2
4 vs 4 Defense
Defense Defense Time % Phy DF OF
1 Bobby Sanguinetti Nate Schmidt 60 1 2 2
2 Phil Oreskovic Sasha Pokulok 40 1 2 2
Last Minutes Offensive
Center Left Wing Right Wing Defense Defense
Mikael Granlund Blake Geoffrion Brendan Gallagher Bobby Sanguinetti Nate Schmidt
Last Minutes Defensive
Center Left Wing Right Wing Defense Defense
Anton Gustafsson Blake Geoffrion Brendan Gallagher Bobby Sanguinetti Nate Schmidt
Goaltenders
Starting : Antti Raanta
Backup : Chad Johnson
Extra Forwards
Normal : Markus Granlund, Mark McNeill, Zack Smith - PP : Markus Granlund, Mark McNeill - PK : Colton Orr
Extra Defensemen
Normal : Mat Clark, Mattias Backman, Nate Schmidt - PP : Mat Clark - PK : Nate Schmidt, Bobby Sanguinetti
Penalty Shots
Blake Geoffrion, Brendan Gallagher, Chris Lawrence, Colton Orr, Zack Smith
% Time on Ice - Atomiques
Lines # - Real PCT - Wanted PCT - Time Play
Normal Forward
1 - 31% - 40% - 14:54
2 - 27% - 30% - 12:59
3 - 20% - 20% - 9:40
4 - 22% - 10% - 10:42
Normal Defense
1 - 36% - 40% - 17:13
2 - 32% - 30% - 15:32
3 - 27% - 20% - 12:52
4 - 5% - 10% - 2:38
PP Forward
1 - 53% - 60% - 3:08
2 - 47% - 40% - 2:49
PP Defense
1 - 59% - 60% - 3:31
2 - 41% - 40% - 2:26
PK Forward
1 - 77% - 60% - 4:28
2 - 23% - 40% - 1:20
PK Defense
1 - 66% - 60% - 3:51
2 - 34% - 40% - 1:57
PK3 Forward
1 - 0% - 60%
2 - 0% - 40%
PK3 Defense
1 - 0% - 60%
2 - 0% - 40%
44 Forward
1 - 0% - 60%
2 - 0% - 40%
44 Defense
1 - 0% - 60%
2 - 0% - 40%
Last Minute Offensive - 0:00
Last Minute Defensive - 0:00
Total
Forward - 60:00
Defense - 60:00
|
% Time on Ice - Carnivores
Lines # - Real PCT - Wanted PCT - Time Play
Normal Forward
1 - 31% - 40% - 14:52
2 - 28% - 30% - 13:32
3 - 20% - 20% - 9:48
4 - 21% - 10% - 10:03
Normal Defense
1 - 36% - 40% - 17:24
2 - 32% - 30% - 15:15
3 - 23% - 20% - 11:11
4 - 9% - 10% - 4:25
PP Forward
1 - 61% - 60% - 3:31
2 - 39% - 40% - 2:17
PP Defense
1 - 60% - 60% - 3:29
2 - 40% - 40% - 2:19
PK Forward
1 - 75% - 60% - 4:26
2 - 25% - 40% - 1:31
PK Defense
1 - 54% - 60% - 3:14
2 - 46% - 40% - 2:43
PK3 Forward
1 - 0% - 60%
2 - 0% - 40%
PK3 Defense
1 - 0% - 60%
2 - 0% - 40%
44 Forward
1 - 0% - 60%
2 - 0% - 40%
44 Defense
1 - 0% - 60%
2 - 0% - 40%
Last Minute Offensive - 0:00
Last Minute Defensive - 0:00
Total
Forward - 60:00
Defense - 60:00
|
Play by Play
1st period
0:01 of 1st period - Mikael Granlund wins face-off versus Mikael Backlund in neutral zone.
0:10 of 1st period - Wrist shot by Branko Radivojevic.
0:10 of 1st period - Shot Blocked by Bobby Sanguinetti.
0:12 of 1st period - Snap shot by Mikael Backlund.
0:12 of 1st period - Shot Blocked by Bobby Sanguinetti.
0:14 of 1st period - Slapshot by Shawn Belle.
0:14 of 1st period - Deflect By Branko Radivojevic.
0:14 of 1st period - Shot Misses the Net.
0:14 of 1st period - Puck is out of play.
0:15 of 1st period - Chris Lawrence wins face-off versus Tyler Brenner in Carnivores zone.
0:28 of 1st period - Wrist shot by Chris Lawrence.
0:28 of 1st period - Deflect By Jeremy Welsh.
0:28 of 1st period - Stopped by Sergei Bobrovsky with a rebound.
0:44 of 1st period - Icing by Andrew Kozek.
0:45 of 1st period - Marc-André Cliche wins face-off versus Markus Granlund in Atomiques zone.
0:45 of 1st period - Marc-André Cliche is hit by Lane MacDermid.
1:05 of 1st period - Slapshot by Lane MacDermid.
1:05 of 1st period - Stopped by Sergei Bobrovsky without a rebound.
1:06 of 1st period - Mikael Backlund wins face-off versus Mikael Granlund in Atomiques zone.
1:06 of 1st period - Mikael Backlund is hit by Nate Schmidt.
1:22 of 1st period - Snap shot by Dwight King.
1:22 of 1st period - Stopped by Antti Raanta without a rebound.
1:23 of 1st period - Brett Sutter wins face-off versus Zack Smith in Carnivores zone.
1:30 of 1st period - Snap shot by John McCarthy.
1:30 of 1st period - Goal by John McCarthy - Atomiques : 1 - Carnivores : 0.
1:31 of 1st period - Tyler Brenner wins face-off versus Anton Gustafsson in neutral zone.
1:40 of 1st period - Slapshot by Jeremy Welsh.
1:40 of 1st period - Deflect By Chris Lawrence.
1:40 of 1st period - Shot Blocked by Shawn Belle.
1:40 of 1st period - Puck is out of play.
1:41 of 1st period - Kenndal McArdle wins face-off versus Chris Lawrence in Atomiques zone.
2:02 of 1st period - Wrist shot by Anton Gustafsson.
2:02 of 1st period - Stopped by Sergei Bobrovsky with a rebound.
2:22 of 1st period - Wrist shot by Jeremy Welsh.
2:22 of 1st period - Shot Misses the Net.
3:18 of 1st period - Snap shot by Anton Gustafsson.
3:18 of 1st period - Shot Misses the Net.
3:20 of 1st period - Backhand shot by Nate Schmidt.
3:20 of 1st period - Shot Blocked by Davis Drewiske.
3:38 of 1st period - Davis Drewiske is hit by Chris Lawrence and loses puck.
3:59 of 1st period - Snap shot by Jeremy Welsh.
3:59 of 1st period - Shot Misses the Net.
4:23 of 1st period - Backhand shot by Tyler Brenner.
4:23 of 1st period - Stopped by Antti Raanta with a rebound.
4:45 of 1st period - Wrist shot by Kenndal McArdle.
4:45 of 1st period - Stopped by Antti Raanta with a rebound.
4:57 of 1st period - Nate Schmidt is hit by Shawn Belle and loses puck.
5:08 of 1st period - Snap shot by Tyler Brenner.
5:08 of 1st period - Shot Misses the Net.
6:58 of 1st period - Snap shot by Kenndal McArdle.
6:58 of 1st period - Shot Blocked by Nate Schmidt.
7:30 of 1st period - Snap shot by Anton Gustafsson.
7:30 of 1st period - Stopped by Sergei Bobrovsky with a rebound.
7:32 of 1st period - Slapshot by Nate Schmidt.
7:32 of 1st period - Stopped by Sergei Bobrovsky without a rebound.
7:33 of 1st period - Mikael Backlund wins face-off versus Brendan Gallagher in Atomiques zone.
7:58 of 1st period - Icing by Kyle Wharton.
7:59 of 1st period - Markus Granlund wins face-off versus Marc-André Cliche in Atomiques zone.
8:12 of 1st period - Mark McNeill is hit by Alex Berry and loses puck.
8:25 of 1st period - Dwight King is hit by Brendan Gallagher and loses puck.
8:38 of 1st period - Mikael Granlund is hit by Mikael Backlund and loses puck.
8:51 of 1st period - Slapshot by Colton Orr.
8:51 of 1st period - Stopped by Sergei Bobrovsky without a rebound.
8:52 of 1st period - Brett Sutter wins face-off versus Colton Orr in Atomiques zone.
9:19 of 1st period - Kyle Wharton is hit by Mat Clark and loses puck.
9:36 of 1st period - Slapshot by Mat Clark.
9:36 of 1st period - Stopped by Sergei Bobrovsky with a rebound.
10:30 of 1st period - Kyle Wharton is hit by Sasha Pokulok and loses puck.
10:43 of 1st period - Mattias Backman is hit by Kyle Wharton.
10:53 of 1st period - Roman Polak is hit by Mattias Backman and loses puck.
11:48 of 1st period - Snap shot by Zack Smith.
11:48 of 1st period - Stopped by Sergei Bobrovsky without a rebound.
11:49 of 1st period - Markus Granlund wins face-off versus Brett Sutter in Atomiques zone.
12:36 of 1st period - Off-side.
12:37 of 1st period - Marc-André Cliche wins face-off versus Michael Schumacher in neutral zone.
12:44 of 1st period - Wrist shot by Alex Berry.
12:44 of 1st period - Deflect By Andrew Kozek.
12:44 of 1st period - Shot Blocked by Mark McNeill.
12:44 of 1st period - Puck is out of play.
12:45 of 1st period - Mikael Granlund wins face-off versus Marc-André Cliche in Carnivores zone.
12:52 of 1st period - Marc-André Cliche is hit by Brendan Gallagher and loses puck.
12:57 of 1st period - Wrist shot by Mikael Granlund.
12:57 of 1st period - Stopped by Sergei Bobrovsky with a rebound.
12:59 of 1st period - Snap shot by Mat Clark.
12:59 of 1st period - Stopped by Sergei Bobrovsky with a rebound.
13:11 of 1st period - Snap shot by Branko Radivojevic.
13:11 of 1st period - Deflect By Colton Orr.
13:11 of 1st period - Shot Misses the Net.
13:11 of 1st period - Puck is out of play.
13:12 of 1st period - Mikael Backlund wins face-off versus Colton Orr in Carnivores zone.
13:13 of 1st period - Snap shot by Branko Radivojevic.
13:13 of 1st period - Stopped by Antti Raanta without a rebound.
13:14 of 1st period - Zack Smith wins face-off versus Mikael Backlund in Carnivores zone.
13:30 of 1st period - Off-side.
13:31 of 1st period - Marc-André Cliche wins face-off versus Mikael Granlund in neutral zone.
13:34 of 1st period - Snap shot by Andrew Kozek.
13:34 of 1st period - Goal by Andrew Kozek - Atomiques : 2 - Carnivores : 0.
13:35 of 1st period - Mikael Granlund wins face-off versus Mikael Backlund in neutral zone.
13:38 of 1st period - Shawn Belle is hit by Blake Geoffrion and loses puck.
13:47 of 1st period - Slapshot by Dwight King.
13:47 of 1st period - Shot Blocked by Nate Schmidt.
13:49 of 1st period - Wrist shot by Shawn Belle.
13:49 of 1st period - Deflect By Blake Geoffrion.
13:49 of 1st period - Stopped by Antti Raanta with a rebound.
13:51 of 1st period - Backhand shot by Dwight King.
13:51 of 1st period - Shot Misses the Net.
14:35 of 1st period - Off-side.
14:36 of 1st period - Mikael Granlund wins face-off versus Dwight King in neutral zone.
15:38 of 1st period - Snap shot by Mikael Granlund.
15:38 of 1st period - Deflect By Brendan Gallagher.
15:38 of 1st period - Shot Misses the Net.
15:38 of 1st period - Puck is out of play.
15:39 of 1st period - Markus Granlund wins face-off versus Mikael Backlund in Atomiques zone.
15:42 of 1st period - Snap shot by Markus Granlund.
15:42 of 1st period - Shot Misses the Net.
15:44 of 1st period - Wrist shot by Markus Granlund.
15:44 of 1st period - Shot Misses the Net.
15:46 of 1st period - Snap shot by Markus Granlund.
15:46 of 1st period - Stopped by Sergei Bobrovsky without a rebound.
15:47 of 1st period - Markus Granlund wins face-off versus Mikael Backlund in Atomiques zone.
15:48 of 1st period - Snap shot by Lane MacDermid.
15:48 of 1st period - Shot Misses the Net.
15:50 of 1st period - Wrist shot by Markus Granlund.
15:50 of 1st period - Shot Misses the Net.
15:52 of 1st period - Snap shot by Markus Granlund.
15:52 of 1st period - Stopped by Sergei Bobrovsky with a rebound.
15:54 of 1st period - Backhand shot by Zach Jones.
15:54 of 1st period - Shot Misses the Net.
15:56 of 1st period - Snap shot by Lane MacDermid.
15:56 of 1st period - Shot Misses the Net.
16:31 of 1st period - Snap shot by Jeremy Welsh.
16:31 of 1st period - Deflect By Roman Polak.
16:31 of 1st period - Stopped by Sergei Bobrovsky with a rebound.
16:33 of 1st period - Slapshot by Mat Clark.
16:33 of 1st period - Stopped by Sergei Bobrovsky without a rebound.
16:34 of 1st period - Bobby Farnham wins face-off versus Jeremy Welsh in Atomiques zone.
17:37 of 1st period - Wrist shot by Brett Sutter.
17:37 of 1st period - Goal by Brett Sutter - Atomiques : 3 - Carnivores : 0.
17:38 of 1st period - Mikael Granlund wins face-off versus Mikael Backlund in neutral zone.
17:51 of 1st period - Slapshot by Blake Geoffrion.
17:51 of 1st period - Stopped by Sergei Bobrovsky without a rebound.
17:52 of 1st period - Mikael Backlund wins face-off versus Mikael Granlund in Atomiques zone.
17:52 of 1st period - Mikael Backlund is hit by Brendan Gallagher.
18:17 of 1st period - Nate Schmidt is hit by Andrew Kozek and loses puck.
19:05 of 1st period - Wrist shot by Brett Sutter.
19:05 of 1st period - Shot Blocked by Phil Oreskovic.
19:07 of 1st period - Wrist shot by Brett Sutter.
19:07 of 1st period - Shot Misses the Net.
19:19 of 1st period - Wrist shot by Mikael Backlund.
19:19 of 1st period - Shot Misses the Net.
19:59 of 1st period - Colby Cohen is hit by Zack Smith and loses puck.
Goals for this period are 3 for Atomiques vs 0 for Carnivores.
Shots for this period are 8 for Atomiques vs 15 for Carnivores.
2nd period
0:01 of 2nd period - Mikael Backlund wins face-off versus Mikael Granlund in neutral zone.
0:06 of 2nd period - Snap shot by Dwight King.
0:06 of 2nd period - Shot Misses the Net.
0:12 of 2nd period - Nate Schmidt is hit by Shawn Belle and loses puck.
1:14 of 2nd period - Wrist shot by John McCarthy.
1:14 of 2nd period - Shot Blocked by Mat Clark.
1:24 of 2nd period - Kyle Wharton is hit by Jeremy Welsh.
1:49 of 2nd period - Snap shot by Brendan Gallagher.
1:49 of 2nd period - Shot Misses the Net.
1:51 of 2nd period - Slapshot by Bobby Sanguinetti.
1:51 of 2nd period - Deflect By Blake Geoffrion.
1:51 of 2nd period - Goal by Blake Geoffrion - Atomiques : 3 - Carnivores : 1.
1:52 of 2nd period - Mikael Backlund wins face-off versus Mikael Granlund in neutral zone.
1:59 of 2nd period - Snap shot by Dwight King.
1:59 of 2nd period - Shot Hit the Post.
2:01 of 2nd period - Wrist shot by Mikael Backlund.
2:01 of 2nd period - Goal by Mikael Backlund - Atomiques : 4 - Carnivores : 1.
2:01 of 2nd period - Chad Johnson enters game.
2:02 of 2nd period - Mikael Granlund wins face-off versus Mikael Backlund in neutral zone.
2:17 of 2nd period - Slapshot by Mikael Granlund.
2:17 of 2nd period - Stopped by Sergei Bobrovsky with a rebound.
2:27 of 2nd period - Nate Schmidt is hit by Andrew Kozek.
2:48 of 2nd period - Bobby Sanguinetti is hit by Ryan Shannon and loses puck.
3:09 of 2nd period - Nate Schmidt is hit by Dmitri Orlov and loses puck.
3:24 of 2nd period - Bobby Sanguinetti is hit by Brett Sutter.
3:29 of 2nd period - Off-side.
3:30 of 2nd period - Mikael Granlund wins face-off versus Mikael Backlund in neutral zone.
3:33 of 2nd period - Snap shot by Brendan Gallagher.
3:33 of 2nd period - Shot Misses the Net.
3:35 of 2nd period - Slapshot by Sasha Pokulok.
3:35 of 2nd period - Stopped by Sergei Bobrovsky with a rebound.
4:02 of 2nd period - Slapshot by Lane MacDermid.
4:02 of 2nd period - Shot Misses the Net.
4:04 of 2nd period - Wrist shot by Markus Granlund.
4:04 of 2nd period - Stopped by Sergei Bobrovsky without a rebound.
4:05 of 2nd period - Mikael Granlund wins face-off versus Marc-André Cliche in Atomiques zone.
4:18 of 2nd period - Slapshot by Marc-André Cliche.
4:18 of 2nd period - Shot Blocked by Blake Geoffrion.
4:20 of 2nd period - Snap shot by Alex Berry.
4:20 of 2nd period - Stopped by Chad Johnson with a rebound.
4:52 of 2nd period - Snap shot by Zack Smith.
4:52 of 2nd period - Shot Misses the Net.
5:11 of 2nd period - Wrist shot by Branko Radivojevic.
5:11 of 2nd period - Stopped by Chad Johnson without a rebound.
5:12 of 2nd period - Tyler Brenner wins face-off versus Brendan Gallagher in Carnivores zone.
5:15 of 2nd period - Snap shot by Tyler Brenner.
5:15 of 2nd period - Deflect By Ryan Shannon.
5:15 of 2nd period - Shot Blocked by Brendan Gallagher.
5:15 of 2nd period - Puck is out of play.
5:16 of 2nd period - Blake Geoffrion wins face-off versus Tyler Brenner in Carnivores zone.
5:20 of 2nd period - Off-side.
5:21 of 2nd period - Blake Geoffrion wins face-off versus Tyler Brenner in neutral zone.
5:30 of 2nd period - Snap shot by Brendan Gallagher.
5:30 of 2nd period - Shot Blocked by Tyler Brenner.
5:36 of 2nd period - Snap shot by Brendan Gallagher.
5:36 of 2nd period - Shot Hit the Post.
5:46 of 2nd period - Snap shot by Blake Geoffrion.
5:46 of 2nd period - Shot Blocked by Roman Polak.
5:55 of 2nd period - Off-side.
5:56 of 2nd period - Branko Radivojevic wins face-off versus Markus Granlund in neutral zone.
6:18 of 2nd period - Minor Penalty to Branko Radivojevic for Interference.
6:19 of 2nd period - Brett Sutter wins face-off versus Brendan Gallagher in Atomiques zone.
6:24 of 2nd period - Snap shot by Blake Geoffrion.
6:24 of 2nd period - Stopped by Sergei Bobrovsky with a rebound.
6:26 of 2nd period - Wrist shot by Blake Geoffrion.
6:26 of 2nd period - Stopped by Sergei Bobrovsky with a rebound.
6:28 of 2nd period - Wrist shot by Mikael Granlund.
6:28 of 2nd period - Stopped by Sergei Bobrovsky without a rebound.
6:29 of 2nd period - Mikael Granlund wins face-off versus Brett Sutter in Atomiques zone.
7:22 of 2nd period - Wrist shot by Brendan Gallagher.
7:22 of 2nd period - Deflect By Blake Geoffrion.
7:22 of 2nd period - Shot Misses the Net.
7:22 of 2nd period - Puck is out of play.
7:23 of 2nd period - Brett Sutter wins face-off versus Anton Gustafsson in Atomiques zone.
8:18 of 2nd period - Penalty to Branko Radivojevic is over, Branko Radivojevic is back on ice.
8:27 of 2nd period - Colby Cohen is hit by Zack Smith and loses puck.
8:36 of 2nd period - Snap shot by Branko Radivojevic.
8:36 of 2nd period - Stopped by Chad Johnson with a rebound.
8:46 of 2nd period - Wrist shot by Branko Radivojevic.
8:46 of 2nd period - Stopped by Chad Johnson with a rebound.
8:54 of 2nd period - Wrist shot by Mikael Backlund.
8:54 of 2nd period - Deflect By Branko Radivojevic.
8:54 of 2nd period - Stopped by Chad Johnson with a rebound.
9:04 of 2nd period - Wrist shot by Mikael Backlund.
9:04 of 2nd period - Stopped by Chad Johnson without a rebound.
9:05 of 2nd period - Markus Granlund wins face-off versus Marc-André Cliche in Carnivores zone.
9:07 of 2nd period - Minor Penalty to Mark McNeill for Charging.
9:08 of 2nd period - Anton Gustafsson wins face-off versus Tyler Brenner in Carnivores zone.
9:16 of 2nd period - Phil Oreskovic is hit by Kenndal McArdle and loses puck.
11:04 of 2nd period - Icing by Davis Drewiske.
11:05 of 2nd period - Anton Gustafsson wins face-off versus Marc-André Cliche in Atomiques zone.
11:06 of 2nd period - Wrist shot by Phil Oreskovic.
11:06 of 2nd period - Shot Blocked by Dwight King.
11:07 of 2nd period - Penalty to Mark McNeill is over, Mark McNeill is back on ice.
11:22 of 2nd period - Roman Polak is hit by Blake Geoffrion and loses puck.
11:51 of 2nd period - Snap shot by Marc-André Cliche.
11:51 of 2nd period - Shot Blocked by Colton Orr.
12:48 of 2nd period - Sasha Pokulok is hit by Marc-André Cliche and loses puck.
13:25 of 2nd period - Davis Drewiske is hit by Blake Geoffrion and loses puck.
14:04 of 2nd period - Slapshot by Mat Clark.
14:04 of 2nd period - Stopped by Sergei Bobrovsky without a rebound.
14:05 of 2nd period - Anton Gustafsson wins face-off versus Mikael Backlund in Atomiques zone.
14:22 of 2nd period - Shawn Belle is hit by Chris Lawrence.
14:32 of 2nd period - Kyle Wharton is hit by Bobby Sanguinetti and loses puck.
14:53 of 2nd period - Mark McNeill is hit by Roman Polak and loses puck.
14:58 of 2nd period - Wrist shot by Marc-André Cliche.
14:58 of 2nd period - Shot Misses the Net.
15:02 of 2nd period - Slapshot by Alex Berry.
15:02 of 2nd period - Stopped by Chad Johnson with a rebound.
15:04 of 2nd period - Slapshot by Kyle Wharton.
15:04 of 2nd period - Shot Misses the Net.
15:16 of 2nd period - Slapshot by Zack Smith.
15:16 of 2nd period - Stopped by Sergei Bobrovsky without a rebound.
15:17 of 2nd period - Brett Sutter wins face-off versus Zack Smith in Atomiques zone.
15:22 of 2nd period - Bobby Sanguinetti is hit by Davis Drewiske and loses puck.
16:05 of 2nd period - Slapshot by Tyler Brenner.
16:05 of 2nd period - Shot Misses the Net.
16:11 of 2nd period - Snap shot by Anton Gustafsson.
16:11 of 2nd period - Shot Misses the Net.
16:13 of 2nd period - Snap shot by Phil Oreskovic.
16:13 of 2nd period - Shot Blocked by Davis Drewiske.
16:24 of 2nd period - Minor Penalty to Mat Clark for Holding.
16:25 of 2nd period - Anton Gustafsson wins face-off versus Mikael Backlund in Carnivores zone.
16:32 of 2nd period - Slapshot by Branko Radivojevic.
16:32 of 2nd period - Shot Misses the Net.
16:56 of 2nd period - Nate Schmidt is hit by Ryan Shannon and loses puck.
17:09 of 2nd period - Mikael Backlund is hit by Zack Smith and loses puck.
18:24 of 2nd period - Penalty to Mat Clark is over, Mat Clark is back on ice.
18:47 of 2nd period - Marc-André Cliche is hit by Mat Clark and loses puck.
Goals for this period are 1 for Atomiques vs 1 for Carnivores.
Shots for this period are 8 for Atomiques vs 9 for Carnivores.
3rd period
0:01 of 3rd period - Mikael Granlund wins face-off versus Mikael Backlund in neutral zone.
0:10 of 3rd period - Snap shot by Blake Geoffrion.
0:10 of 3rd period - Stopped by Sergei Bobrovsky without a rebound.
0:11 of 3rd period - Mikael Backlund wins face-off versus Mikael Granlund in Atomiques zone.
0:18 of 3rd period - Snap shot by Branko Radivojevic.
0:18 of 3rd period - Stopped by Chad Johnson without a rebound.
0:19 of 3rd period - Mikael Granlund wins face-off versus Mikael Backlund in Carnivores zone.
0:32 of 3rd period - Snap shot by Branko Radivojevic.
0:32 of 3rd period - Stopped by Chad Johnson with a rebound.
0:40 of 3rd period - Minor Penalty to Mikael Granlund for Holding.
0:41 of 3rd period - Anton Gustafsson wins face-off versus Mikael Backlund in Carnivores zone.
0:41 of 3rd period - Anton Gustafsson is hit by Mikael Backlund.
1:13 of 3rd period - Snap shot by Tyler Brenner.
1:13 of 3rd period - Stopped by Chad Johnson with a rebound.
1:15 of 3rd period - Slapshot by Davis Drewiske.
1:15 of 3rd period - Shot Misses the Net.
1:17 of 3rd period - Wrist shot by Shawn Belle.
1:17 of 3rd period - Shot Blocked by Sasha Pokulok.
1:19 of 3rd period - Wrist shot by Tyler Brenner.
1:19 of 3rd period - Stopped by Chad Johnson with a rebound.
1:57 of 3rd period - Slapshot by Bobby Sanguinetti.
1:57 of 3rd period - Shot Misses the Net.
2:40 of 3rd period - Penalty to Mikael Granlund is over, Mikael Granlund is back on ice.
3:01 of 3rd period - Zach Jones is hit by Brett Sutter and loses puck.
3:07 of 3rd period - Icing by Mark McNeill.
3:08 of 3rd period - Marc-André Cliche wins face-off versus Markus Granlund in Carnivores zone.
3:19 of 3rd period - Snap shot by Andrew Kozek.
3:19 of 3rd period - Shot Hit the Post.
3:21 of 3rd period - Slapshot by Dmitri Orlov.
3:21 of 3rd period - Stopped by Chad Johnson with a rebound.
3:23 of 3rd period - Snap shot by Andrew Kozek.
3:23 of 3rd period - Shot Misses the Net.
3:53 of 3rd period - Backhand shot by Lane MacDermid.
3:53 of 3rd period - Stopped by Sergei Bobrovsky without a rebound.
3:54 of 3rd period - Mikael Granlund wins face-off versus Tyler Brenner in Atomiques zone.
4:56 of 3rd period - Slapshot by Phil Oreskovic.
4:56 of 3rd period - Deflect By Brendan Gallagher.
4:56 of 3rd period - Stopped by Sergei Bobrovsky with a rebound.
5:24 of 3rd period - Dmitri Orlov is hit by Sasha Pokulok.
5:44 of 3rd period - Snap shot by John McCarthy.
5:44 of 3rd period - Shot Misses the Net.
6:16 of 3rd period - Snap shot by Zack Smith.
6:16 of 3rd period - Stopped by Sergei Bobrovsky with a rebound.
6:36 of 3rd period - Snap shot by Zack Smith.
6:36 of 3rd period - Shot Misses the Net.
6:38 of 3rd period - Slapshot by Mattias Backman.
6:38 of 3rd period - Shot Misses the Net.
6:55 of 3rd period - Michael Schumacher is hit by Colby Cohen and loses puck.
7:12 of 3rd period - Brett Sutter is hit by Sasha Pokulok and loses puck.
7:21 of 3rd period - Snap shot by Brett Sutter.
7:21 of 3rd period - Stopped by Chad Johnson with a rebound.
7:29 of 3rd period - Wrist shot by Brett Sutter.
7:29 of 3rd period - Stopped by Chad Johnson with a rebound.
7:34 of 3rd period - Off-side.
7:35 of 3rd period - Mikael Granlund wins face-off versus Mikael Backlund in neutral zone.
7:42 of 3rd period - Snap shot by Mikael Granlund.
7:42 of 3rd period - Shot Misses the Net.
7:44 of 3rd period - Wrist shot by Mikael Granlund.
7:44 of 3rd period - Stopped by Sergei Bobrovsky with a rebound.
8:03 of 3rd period - Icing by Davis Drewiske.
8:04 of 3rd period - Anton Gustafsson wins face-off versus Ryan Shannon in Atomiques zone.
8:11 of 3rd period - Wrist shot by Jeremy Welsh.
8:11 of 3rd period - Shot Blocked by Davis Drewiske.
8:13 of 3rd period - Wrist shot by Anton Gustafsson.
8:13 of 3rd period - Stopped by Sergei Bobrovsky with a rebound.
8:15 of 3rd period - Snap shot by Jeremy Welsh.
8:15 of 3rd period - Shot Misses the Net.
8:17 of 3rd period - Slapshot by Mat Clark.
8:17 of 3rd period - Deflect By Anton Gustafsson.
8:17 of 3rd period - Stopped by Sergei Bobrovsky with a rebound.
8:35 of 3rd period - Wrist shot by Chris Lawrence.
8:35 of 3rd period - Shot Misses the Net.
8:37 of 3rd period - Wrist shot by Jeremy Welsh.
8:37 of 3rd period - Shot Misses the Net.
8:39 of 3rd period - Slapshot by Phil Oreskovic.
8:39 of 3rd period - Deflect By Chris Lawrence.
8:39 of 3rd period - Stopped by Sergei Bobrovsky without a rebound.
8:40 of 3rd period - Mikael Granlund wins face-off versus Mikael Backlund in Atomiques zone.
8:41 of 3rd period - Snap shot by Blake Geoffrion.
8:41 of 3rd period - Shot Blocked by Kyle Wharton.
8:43 of 3rd period - Slapshot by Brendan Gallagher.
8:43 of 3rd period - Shot Blocked by Roman Polak.
8:45 of 3rd period - Wrist shot by Blake Geoffrion.
8:45 of 3rd period - Stopped by Sergei Bobrovsky with a rebound.
9:32 of 3rd period - Snap shot by Ryan Shannon.
9:32 of 3rd period - Stopped by Chad Johnson with a rebound.
9:34 of 3rd period - Slapshot by Kenndal McArdle.
9:34 of 3rd period - Stopped by Chad Johnson with a rebound.
9:36 of 3rd period - Snap shot by Kenndal McArdle.
9:36 of 3rd period - Shot Misses the Net.
9:38 of 3rd period - Slapshot by Kyle Wharton.
9:38 of 3rd period - Stopped by Chad Johnson with a rebound.
9:48 of 3rd period - Phil Oreskovic is hit by Dwight King and loses puck.
9:55 of 3rd period - Slapshot by Mat Clark.
9:55 of 3rd period - Deflect By Chris Lawrence.
9:55 of 3rd period - Shot Misses the Net.
9:55 of 3rd period - Puck is out of play.
9:56 of 3rd period - Alex Berry wins face-off versus Mikael Granlund in Atomiques zone.
10:03 of 3rd period - Snap shot by Marc-André Cliche.
10:03 of 3rd period - Shot Blocked by Brendan Gallagher.
10:23 of 3rd period - Mark McNeill is hit by Dwight King and loses puck.
10:32 of 3rd period - Snap shot by Dwight King.
10:32 of 3rd period - Shot Blocked by Markus Granlund.
10:34 of 3rd period - Snap shot by Dwight King.
10:34 of 3rd period - Stopped by Chad Johnson without a rebound.
10:35 of 3rd period - Mikael Granlund wins face-off versus Tyler Brenner in Carnivores zone.
10:35 of 3rd period - Mikael Granlund is hit by Kenndal McArdle.
10:51 of 3rd period - Wrist shot by Ryan Shannon.
10:51 of 3rd period - Deflect By Tyler Brenner.
10:51 of 3rd period - Shot Blocked by Mikael Granlund.
10:51 of 3rd period - Puck is out of play.
10:52 of 3rd period - Dwight King wins face-off versus Jeremy Welsh in Carnivores zone.
10:53 of 3rd period - Snap shot by Mikael Backlund.
10:53 of 3rd period - Goal by Mikael Backlund - Atomiques : 5 - Carnivores : 1.
10:54 of 3rd period - Mikael Backlund wins face-off versus Blake Geoffrion in neutral zone.
11:21 of 3rd period - Kenndal McArdle is hit by Lane MacDermid and loses puck.
11:28 of 3rd period - Slapshot by Davis Drewiske.
11:28 of 3rd period - Stopped by Chad Johnson without a rebound.
11:29 of 3rd period - Anton Gustafsson wins face-off versus Tyler Brenner in Carnivores zone.
11:54 of 3rd period - Kyle Wharton is hit by Mat Clark and loses puck.
12:01 of 3rd period - Slapshot by Blake Geoffrion.
12:01 of 3rd period - Shot Misses the Net.
12:03 of 3rd period - Slapshot by Bobby Sanguinetti.
12:03 of 3rd period - Deflect By Mikael Backlund.
12:03 of 3rd period - Stopped by Sergei Bobrovsky with a rebound.
13:02 of 3rd period - Brendan Gallagher is hit by Kenndal McArdle and loses puck.
13:20 of 3rd period - Slapshot by Nate Schmidt.
13:20 of 3rd period - Shot Blocked by Mikael Backlund.
13:22 of 3rd period - Wrist shot by Markus Granlund.
13:22 of 3rd period - Goal by Markus Granlund - Atomiques : 5 - Carnivores : 2.
13:23 of 3rd period - Mikael Granlund wins face-off versus Mikael Backlund in neutral zone.
13:33 of 3rd period - Minor Penalty to Dwight King for Hooking.
13:34 of 3rd period - Branko Radivojevic wins face-off versus Mikael Granlund in Atomiques zone.
14:49 of 3rd period - Mikael Granlund is hit by Brett Sutter and loses puck.
15:12 of 3rd period - Phil Oreskovic is hit by Davis Drewiske and loses puck.
15:33 of 3rd period - Penalty to Dwight King is over, Dwight King is back on ice.
15:47 of 3rd period - Shawn Belle is hit by Colton Orr and loses puck.
16:23 of 3rd period - Snap shot by Branko Radivojevic.
16:23 of 3rd period - Stopped by Chad Johnson without a rebound.
16:24 of 3rd period - Mikael Backlund wins face-off versus Markus Granlund in Carnivores zone.
17:20 of 3rd period - Snap shot by Dmitri Orlov.
17:20 of 3rd period - Shot Blocked by Mat Clark.
17:22 of 3rd period - Wrist shot by Brett Sutter.
17:22 of 3rd period - Stopped by Chad Johnson without a rebound.
17:23 of 3rd period - John McCarthy wins face-off versus Zack Smith in Carnivores zone.
17:34 of 3rd period - Snap shot by Brett Sutter.
17:34 of 3rd period - Stopped by Chad Johnson with a rebound.
17:36 of 3rd period - Snap shot by Roman Polak.
17:36 of 3rd period - Shot Blocked by Colton Orr.
17:38 of 3rd period - Slapshot by Kyle Wharton.
17:38 of 3rd period - Shot Misses the Net.
17:54 of 3rd period - Backhand shot by Blake Geoffrion.
17:54 of 3rd period - Shot Misses the Net.
17:56 of 3rd period - Slapshot by Brendan Gallagher.
17:56 of 3rd period - Stopped by Sergei Bobrovsky without a rebound.
17:57 of 3rd period - Mikael Granlund wins face-off versus Tyler Brenner in Atomiques zone.
17:58 of 3rd period - Slapshot by Brendan Gallagher.
17:58 of 3rd period - Deflect By Tyler Brenner.
17:58 of 3rd period - Shot Blocked by Kenndal McArdle.
17:58 of 3rd period - Puck is out of play.
17:59 of 3rd period - Mikael Granlund wins face-off versus Tyler Brenner in Atomiques zone.
18:00 of 3rd period - Snap shot by Blake Geoffrion.
18:00 of 3rd period - Stopped by Sergei Bobrovsky without a rebound.
18:01 of 3rd period - Mikael Granlund wins face-off versus Mikael Backlund in Atomiques zone.
18:09 of 3rd period - Minor Penalty to Dwight King for Diving.
18:10 of 3rd period - Mikael Granlund wins face-off versus Branko Radivojevic in Atomiques zone.
19:04 of 3rd period - Slapshot by Shawn Belle.
19:04 of 3rd period - Shot Misses the Net.
19:06 of 3rd period - Wrist shot by Davis Drewiske.
19:06 of 3rd period - Shot Misses the Net.
19:08 of 3rd period - Slapshot by Shawn Belle.
19:08 of 3rd period - Stopped by Chad Johnson with a rebound.
19:10 of 3rd period - Slapshot by Davis Drewiske.
19:10 of 3rd period - Deflect By Mat Clark.
19:10 of 3rd period - Stopped by Chad Johnson without a rebound.
19:11 of 3rd period - Mikael Granlund wins face-off versus Tyler Brenner in Carnivores zone.
Goals for this period are 1 for Atomiques vs 1 for Carnivores.
Shots for this period are 18 for Atomiques vs 13 for Carnivores.
Back to the Top